 Dungeon Crawl Stone Soup version 0.32-a0-592-g97116cf (webtiles) character file.

Game seed: 12520991889100274858

283057 UltraDraconian the Skinwalker (level 19, -21/185 HPs)
             Began as a Grey Draconian Berserker on Mar 2, 2024.
             Was the Champion of Trog.
             Demolished by a vault warden
             ... wielding a +0 great sword
              (28 damage)
             ... on level 4 of the Vaults.
             The game lasted 01:27:30 (56651 turns).

UltraDraconian the Skinwalker (DrBe)               Turns: 56651, Time: 01:27:31

Health: -21/185    AC: 19    Str: 30    XL:     19   Next: 75%
Magic:  19/19      EV: 12    Int: 14    God:    Trog [******]
Gold:   529        SH:  0    Dex: 12    Spells: 18/18 levels left

rFire   . .          .
                       - Unarmed
rCold   . . .        (no shield)
rNeg    . . .        (body armour unavailable)
rPois   +            (helmet restricted)
rElec   .            F - +0 cloak
rCorr   .            (no gloves)
SInv    +            y - +2 pair of boots
Will    +++..        (no amulet)
Stlth   +            J - ring of Kanirous {Str+4 Int+6 SInv}
HPRegen 1.50/turn    K - ring of poison resistance
MPRegen 0.16/turn

%: no passive effects
@: about to teleport, maw-form, strong-willed, regenerating, studying Shields
A: devouring maw, mud breath, mud-swimmer, AC +15, amphibious, unfitting armour,
cold-blooded
}: 2/15 runes: decaying, serpentine
a: Mud Breath, Begin Untransformation, Renounce Religion, Berserk, Trog's Hand,
Brothers in Arms


You were on level 4 of the Vaults.
You worshipped Trog.
Trog was exalted by your worship.
You were a creature with a mouth for a stomach.
You visited 6 branches of the dungeon, and saw 34 of its levels.
You also visited: Gauntlet.

You collected 3680 gold pieces.
You spent 3151 gold pieces at shops.

Inventory:

Missiles
 w - 10 javelins (quivered)
 G - 4 throwing nets
 M - 7 curare-tipped darts
Armour
 y - a +2 pair of boots (worn)
 F - a +0 cloak (worn)
Jewellery
 D - a ring of flight
 J - the ring of Kanirous (left hand) {Str+4 Int+6 SInv}
   (You found it in a Gauntlet)

   [ring of intelligence]

   Str+4:     It affects your strength (+4).
   Int+6:     It affects your intelligence (+6).
   SInv:      It lets you see invisible.
 K - a ring of poison resistance (right hand)
 T - a ring of resist corrosion
 U - a ring of protection from fire
 Z - a ring of the Octopus King {HP+2 AC+2 EV+2 SH+2 SInv}
   (You found it on level 5 of the Lair of Beasts)

   [ring of see invisible]

   AC+2:      It affects your AC (+2).
   EV+2:      It affects your evasion (+2).
   HP+2:      It affects your health (+2).
   SInv:      It lets you see invisible.
   SH+2:      It affects your SH (+2).
Talismans
 u - a maw talisman (active)
Wands
 i - a wand of digging (11)
 o - a wand of mindburst (11)
 x - a wand of flame (12)
 Q - a wand of roots (27)
 R - a wand of charming (13)
 S - a wand of quicksilver (11)
 V - a wand of polymorph (4)
Scrolls
 a - 10 scrolls of poison
 b - 11 scrolls of teleportation
 c - 5 scrolls of amnesia
 e - 8 scrolls of identify
 f - 6 scrolls of revelation
 p - 4 scrolls of immolation
 q - 6 scrolls of enchant armour
 r - 2 scrolls of silence
 t - 2 scrolls of brand weapon
 v - 6 scrolls of blinking
 B - 11 scrolls of fog
 E - 6 scrolls of enchant weapon
 L - 6 scrolls of butterflies
 Y - 3 scrolls of fear
Potions
 d - 5 potions of heal wounds
 g - 9 potions of mutation
 h - 11 potions of lignification
 j - 8 potions of attraction
 k - 6 potions of might
 l - 4 potions of brilliance
 m - 2 potions of ambrosia
 n - 19 potions of curing
 s - 6 potions of haste
 z - a potion of cancellation
 C - a potion of berserk rage
 H - 4 potions of enlightenment
 O - 3 potions of magic
 P - 3 potions of invisibility
 X - 5 potions of resistance
Miscellaneous
 A - a phantom mirror
 I - a tin of tremorstones (2/2)
 N - a lightning rod (4/4)
 W - a phial of floods


   Skills:
 - Level 20.0 Fighting
 - Level 2.6 Dodging
 + Level 19.5 Unarmed Combat
 - Level 23.0 Shapeshifting


You had 18 spell levels left.
You didn't know any spells.
Your spell library contained the following spells:

 Spells                   Type           Power      Damage    Failure   Level
 Magic Dart               Conj           0%         1d3       28%         1
 Sting                    Conj/Alch      0%         1d3       28%         1
 Summon Small Mammal      Summ           0%         N/A       28%         1
 Cigotuvi's Dreadful Rot  Necr/Alch/Air  0%         N/A       41%         2
 Searing Ray              Conj           0%         2d4       41%         2
 Static Discharge         Conj/Air       0%         3-3/arc   41%         2
 Call Canine Familiar     Summ           0%         N/A       65%         3
 Dazzling Flash           Conj/Hex       0%         N/A       65%         3
 Gell's Gravitas          Tloc           0%         N/A       65%         3
 Mephitic Cloud           Conj/Alch/Air  0%         N/A       65%         3
 Teleport Other           Tloc           0%         N/A       65%         3
 Tukima's Dance           Hex            0%         N/A       65%         3
 Airstrike                Air            0%         2d(0-16)  96%         4
 Animate Dead             Necr           0%         N/A       96%         4
 Brom's Barrelling Bould  Conj/Erth      0%         2d3       96%         4
 Dispel Undead            Necr           0%         3d6       96%         4
 Fulminant Prism          Conj/Alch      0%         3d5       96%         4
 Ignite Poison            Fire/Alch      0%         N/A       96%         4
 Leda's Liquefaction      Alch/Erth      0%         N/A       96%         4
 Martyr's Knell           Necr/Summ      0%         N/A       96%         4
 Passage of Golubria      Tloc           0%         N/A       96%         4
 Summon Blazeheart Golem  Fire/Summ      0%         N/A       96%         4
 Summon Lightning Spire   Summ/Air       0%         N/A       96%         4
 Borgnjor's Vile Clutch   Necr/Erth      0%         N/A       100%        5
 Curse of Agony           Necr           0%         N/A       100%        5
 Fireball                 Conj/Fire      0%         3d3       100%        5
 Freezing Cloud           Conj/Ice/Air   0%         6-21      100%        5
 Iskenderun's Battlesphe  Conj           0%         2d6       100%        5
 Lee's Rapid Deconstruct  Erth           0%         3d4*      100%        5
 Silence                  Hex/Air        0%         N/A       100%        5
 Summon Forest            Summ/Tloc      0%         N/A       100%        5
 Yara's Violent Unravell  Hex/Alch       0%         3d3       100%        5
 Bombard                  Conj/Erth      0%         9d1       100%        6
 Conjure Ball Lightning   Conj/Air       0%         3x3d6     100%        6
 Death Channel            Necr           0%         N/A       100%        6
 Dispersal                Tloc           0%         N/A       100%        6
 Eringya's Noxious Bog    Alch           0%         4d6       100%        6
 Haunt                    Necr/Summ      0%         N/A       100%        7
 Malign Gateway           Summ/Tloc      0%         N/A       100%        7
 Orb of Destruction       Conj           0%         9d5       100%        7
 Spellforged Servitor     Conj/Summ      0%         N/A       100%        7
 Summon Hydra             Summ           0%         N/A       100%        7
 Borgnjor's Revivificati  Necr           0%         N/A       100%        8
 Summon Horrible Things   Summ           0%         N/A       100%        8
 Death's Door             Necr           0%         N/A       100%        9


Dungeon Overview and Level Annotations

Branches:
Dungeon (15/15) Zot: 22758  Temple (0/1) D:7            Lair (5/5) D:11 Zot: 22591
  Swamp (4/4) Lair:3 Zot: 19044   Snake (4/4) Lair:3 Zot: 13605   Slime (0/5) Lair:5
    Orc (2/2) D:12 Zot: 9435     Elf (0/3) Orc:2        Vaults (4/5) D:14 Zot: 14036
  Crypt (0/3) Vaults:3     Depths (0/4) D:15        Gauntlet (visited)

Altars:
Ashenzari
Cheibriados
Dithmenos
Elyvilon
Gozag
Hepliaklqana
Makhleb
Nemelex Xobeh
Qazlal
Ru
Trog
Wu Jian
Yredelemnul
The Shining One

Shops:
D:6 [   Orc:2 !(   Snake:3 :=   Vaults:1 [   Vaults:2 [   Vaults:3 !

Annotations:
Snake:3 2 transporters, Launuz's ghost, adept HuMo


Innate Abilities, Weirdness & Mutations

You are a creature with a mouth for a stomach.
Your midsection houses a second, enormous mouth.
You can breathe torrents of mud.
You are unimpeded by mud.
Your dull iron-grey scales are very hard. (AC +15)
You are amphibious.
You cannot fit into any form of body armour.
You are cold-blooded and may be slowed by cold attacks.


Message History

The ironbound frostheart calls freezing cold from the walls.
The frost grips you!!
You are encased in ice.
The vault warden hits you with a +0 great sword!!
You take 61 HP, and have [124/185] HP !!!!!
HP Warning !!!!!
You completely miss the vault warden.
You tail-slap the vault warden, but do no damage.
Electricity crackles from the ironbound thunderhulk's apparatus.
The bolt of lightning hits you!!!
You take 47 HP, and have [77/185] HP !!!!!
HP Warning !!!!!
You gain 2 HP, and have [79/185] hp.
Okay, then.
As you read the scroll of teleportation, it crumbles to dust.
You feel strangely unstable.
The vault warden hits you with a +0 great sword.
You take 2 HP, and have [77/185] HP The ice encasing you melts away.
Strange energies crackle from the ironbound thunderhulk's apparatus.
The ironbound thunderhulk blinks!
The vault warden hits you with a +0 great sword!!
You take 20 HP, and have [57/185] HP You closely miss the vault warden.
You tail-slap the vault warden, but do no damage.
You bite the vault warden!!
The vault warden is moderately wounded.
Electricity crackles from the ironbound thunderhulk's apparatus.
The bolt of lightning hits you!!!
* * * LOW HITPOINT WARNING * * *
The vault warden closely misses you.
You take 43 HP, and have [14/185] HP !!!!!
HP Warning !!!!!
Unknown command.
You feel much better.
Electricity crackles from the ironbound thunderhulk's apparatus.
The bolt of lightning hits you!!
* * * LOW HITPOINT WARNING * * *
The vault warden hits you with a +0 great sword!!
You die...

######## .......# ....O..#
#############......#
###.....#.....#......#
++'#.....#...p.p§.....#
+''#.....#..W.p#....^.#
+'.#.....#.....#......#
+..####)##.....#..p...#
+..'...........#p.....#
+..###'###.....#......#
++++++.#.....#.....#pO....#
+...'''#.....#.....#......#
+...''+#.....#.....#......#
###'####.....#.....#


You could see a vault warden, an ironbound thunderhulk, a vault guard and an
ironbound frostheart.

Vanquished Creatures
  Vashnia (Snake:3)
  Saint Roka (Snake:4)
  Zenata (Vaults:3)
  Jorgrun (Lair:3)
  Frances (Lair:3)
  3 thorn hunters
  A shadow dragon (Vaults:3)
  6 nagarajas
  11 vault wardens
  An orc warlord (D:14)
  A very ugly thing (Swamp:4)
  2 formless jellyfish
  11 ironbound preservers
  6 ironbound thunderhulks
  An eleionoma (Swamp:2)
  2 bunyips
  A minotaur (Gauntlet)
  13 dire elephants
  2 war gargoyles (Vaults:3)
  2 green deaths (Swamp:4)
  Snorg (D:12)
  4 great orbs of eyes
  8 yaktaur captains
  An entropy weaver (shapeshifter) (D:15)
  A shambling mangrove (Swamp:3)
  2 hell beasts (Swamp:4)
  Harold (Lair:2)
  6 vault guards
  11 ironbound frosthearts
  3 ogre magi (D:15)
  The ghost of keinz the Nimble, a journeyman GnGl of Kikubaaqudgha (Lair:1)
  A peacekeeper (Vaults:3)
  A salamander tyrant (Snake:4)
  A sphinx zombie (Vaults:3)
  Erolcha (Orc:1)
  12 hydras
  A merfolk avatar (Lair:5)
  2 ghost crabs
  8 anacondas
  9 two-headed ogres
  An alligator (Swamp:4)
  4 boulder beetles
  15 centaur warriors
  Erica (D:10)
  The ghost of korenl137 the Basher, a novice AtBe of Trog (D:10)
  A catoblepas (Gauntlet)
  2 tengu warriors
  A vampire mage (Vaults:3)
  6 death yaks (Lair:4)
  A thrashing horror (Swamp:4)
  12 naga warriors
  23 naga sharpshooters
  2 orc high priests
  6 shock serpents
  A skyshark (shapeshifter) (Vaults:2)
  2 skysharks
  3 goliath frogs
  2 large abominations (Swamp:4)
  10 sea snakes
  8 arcanists
  7 swamp dragons
  A spriggan druid (Swamp:4)
  31 deep trolls
  2 naga ritualists
  8 mana vipers
  8 lindwurms
  12 bog bodies
  4 orc knights
  8 harpies
  13 ironbound convokers
  An oklob plant (Gauntlet)
  3 necromancers
  4 deep elf pyromancers
  4 orc sorcerers (Orc:2)
  A fire giant zombie (Vaults:3)
  6 manticores
  11 salamanders
  14 ugly things
  9 elephants
  A will-o-the-wisp (Swamp:2)
  A frost giant skeleton (Vaults:3)
  A stone giant zombie (Vaults:3)
  3 cyclopes
  7 guardian serpents
  A centaur zombie (D:10)
  A molten gargoyle (Gauntlet)
  17 black mambas
  13 vault sentinels
  A kobold blastminer (Orc:2)
  11 cane toads
  10 naga magi
  2 gargoyles (Gauntlet)
  The ghost of 9stopf the Charlatan, a novice CoWr (D:5)
  4 orange demons (Swamp:4)
  23 yaktaurs
  A freezing wraith (D:15)
  An unseen horror (D:10)
  9 rime drakes
  11 komodo dragons
  An efreet (D:14)
  2 wolf spider simulacra (Lair:4)
  A bloated husk (Swamp:1)
  A merfolk (shapeshifter) (D:15)
  5 polar bears
  5 trolls
  A tengu simulacrum (Vaults:3)
  7 tyrant leeches
  10 hornets
  A blink frog (Lair:5)
  Grinder (D:4)
  A stone giant simulacrum (Vaults:3)
  7 dream sheep (Lair:3)
  55 slime creatures
  Sigmund (D:5)
  3 centaur simulacra
  4 spriggans
  An ettin skeleton (Vaults:3)
  5 wyverns
  7 wraiths
  38 yaks
  3 shadows
  2 water elementals
  4 vampires
  Eustachio (D:5)
  5 basilisks
  4 wargs
  16 humans (D:14)
  A steam dragon (Lair:5)
  A neqoxec (Gauntlet)
  Menkaure (D:7)
  An ogre zombie (Vaults:3)
  13 vampire mosquitoes
  A yaktaur simulacrum (Vaults:3)
  13 swamp worms
  30 nagas
  The ghost of tls9540 the Trooper, an amateur VSMo (D:4)
  3 chaos spawn (Gauntlet)
  5 acid dragons
  16 water moccasins
  A hydra simulacrum (Lair:1)
  21 orc warriors
  2 meliai simulacra
  4 swamp drakes
  A black bear (D:6)
  A sky beast (D:7)
  2 ice beasts
  4 laughing skulls
  4 boggarts
  8 wolves
  7 ogres
  20 centaurs
  2 kobold brigands
  A human skeleton (Vaults:3)
  12 bullfrogs
  3 scorpions
  A cane toad simulacrum (Lair:1)
  3 wights (D:8)
  12 killer bees
  6 electric eels
  5 howler monkeys
  A komodo dragon simulacrum (Lair:1)
  A wyvern simulacrum (Lair:4)
  24 orc priests
  4 bombardier beetles (D:5)
  10 hounds
  2 jellies
  Crazy Yiuf (D:7)
  A gnoll bouda (D:6)
  A sleepcap (D:5)
  A water moccasin simulacrum (Lair:1)
  Ijyb (D:5)
  4 iguanas
  34 orc wizards
  2 polar bear simulacra
  A basilisk simulacrum (Lair:1)
  9 gnolls
  10 adders
  2 ufetubi (D:7)
  A dart slug (D:3)
  A ribbon worm (D:3)
  56 orcs
  4 ball pythons
  8 endoplasms
  4 giant cockroaches
  6 goblins
  9 hobgoblins
  2 jackals (D:3)
  4 quokkas
  9 bats
  16 frilled lizards
  18 kobolds
  4 rats
1160 creatures vanquished.

Vanquished Creatures (collateral kills)
  2 vault guards (D:14)
  A two-headed ogre (D:15)
  A sea snake (Snake:4)
  An arcanist (D:14)
  A necromancer (D:14)
  A molten gargoyle (Gauntlet)
  2 humans (D:14)
  A naga (Snake:3)
  3 ogres (D:15)
13 creatures vanquished.

Vanquished Creatures (others)
  A lindwurm (D:10)
  A bloated husk (Swamp:2)
  2 orc wizards
4 creatures vanquished.

Grand Total: 1177 creatures vanquished

Notes
Turn   | Place    | Note
-------+----------+-------------------------------------------
     0 | D:1      | UltraDraconian the Draconian Berserker began the quest for
                  | the Orb.
     0 | D:1      | Reached XP level 1. HP: 19/19 MP: 1/1
   216 | D:1      | Reached XP level 2. HP: 27/27 MP: 2/2
   410 | D:1      | Reached XP level 3. HP: 23/33 MP: 3/3
   417 | D:1      | Reached ** piety under Trog
   914 | D:2      | Reached XP level 4. HP: 35/41 MP: 4/4
  1159 | D:2      | Reached skill level 5 in Fighting
  1465 | D:3      | Found a faded altar of an unknown god.
  1482 | D:3      | Reached *** piety under Trog
  1493 | D:3      | Reached XP level 5. HP: 38/48 MP: 5/5
  1631 | D:3      | Found a glowing golden altar of the Shining One.
  1741 | D:3      | Found a shadowy altar of Dithmenos.
  1888 | D:4      | Noticed tls9540's ghost (amateur VSMo)
  1888 | D:4      | Found a runed translucent gate.
  1888 | D:4      | Found a runed translucent gate.
  1888 | D:4      | Found a runed translucent gate.
  2244 | D:4      | Reached XP level 6. HP: 21/58 MP: 6/6
  2386 | D:4      | Noticed Grinder
  2394 | D:4      | Paralysed by Grinder for 2 turns
  2403 | D:4      | Killed Grinder
  2404 | D:4      | Reached skill level 5 in Unarmed Combat
  2443 | D:4      | Found a white marble altar of Elyvilon.
  2505 | D:4      | Found a burning altar of Makhleb.
  2569 | D:4      | Your scales start taking on a dull iron-grey colour.
  2569 | D:4      | Reached XP level 7. HP: 60/66 MP: 7/7
  2635 | D:4      | Reached skill level 1 in Shapeshifting
  3144 | D:5      | Entered Level 5 of the Dungeon
  3156 | D:5      | Noticed Sigmund
  3168 | D:5      | Killed Sigmund
  3169 | D:5      | Reached skill level 2 in Shapeshifting
  3341 | D:5      | Found a runed translucent gate.
  3341 | D:5      | Found a runed translucent gate.
  3341 | D:5      | Found an opulent altar of Gozag.
  3341 | D:5      | Found a runed translucent gate.
  3342 | D:5      | Noticed 9stopf's ghost (novice CoWr)
  3363 | D:5      | Noticed Eustachio
  3501 | D:5      | Killed Eustachio
  3502 | D:5      | Reached skill level 3 in Shapeshifting
  3502 | D:5      | Reached XP level 8. HP: 75/75 MP: 8/8
  3601 | D:5      | Noticed Ijyb
  3613 | D:5      | Killed Ijyb
  3800 | D:5      | Reached skill level 4 in Shapeshifting
  4004 | D:6      | Reached **** piety under Trog
  4158 | D:6      | Noticed Jeremiah
  4168 | D:6      | Jeremiah changed into Jeremiah the polar bear
  4168 | D:6      | Noticed Jeremiah
  4181 | D:6      | Killed Jeremiah the polar bear
  4242 | D:6      | Reached skill level 5 in Shapeshifting
  4330 | D:6      | Reached XP level 9. HP: 84/85 MP: 9/9
  4349 | D:6      | Found Waleh's Antique Armour Shoppe.
  4609 | D:6      | Reached skill level 10 in Fighting
  5005 | D:7      | Found a staircase to the Ecumenical Temple.
  5068 | D:7      | Found a runed translucent door.
  5069 | D:7      | Noticed Crazy Yiuf
  5167 | D:7      | Killed Crazy Yiuf
  5418 | D:7      | Reached skill level 6 in Shapeshifting
  5739 | D:7      | Noticed Menkaure
  5743 | D:7      | Killed Menkaure
  6260 | D:8      | Reached skill level 7 in Shapeshifting
  6420 | D:8      | Reached skill level 8 in Shapeshifting
  6572 | D:8      | Reached XP level 10. HP: 31/93 MP: 10/10
  6840 | D:8      | Found a basalt altar of Yredelemnul.
  8020 | D:9      | Reached skill level 9 in Shapeshifting
  8503 | D:9      | Found a sacrificial altar of Ru.
  8783 | D:10     | Entered Level 10 of the Dungeon
  8813 | D:10     | Found a runed translucent gate.
  8813 | D:10     | Found a runed translucent gate.
  8814 | D:10     | Found a runed translucent gate.
  8835 | D:10     | Found a broken altar of Ashenzari.
  8866 | D:10     | Reached skill level 10 in Shapeshifting
  9098 | D:10     | Reached skill level 10 in Unarmed Combat
  9356 | D:10     | Noticed Erica
  9366 | D:10     | Killed Erica
  9367 | D:10     | Reached XP level 11. HP: 90/99 MP: 11/11
  9545 | D:10     | Noticed korenl137's ghost (novice AtBe)
  9955 | D:10     | Noticed a lindwurm
  9955 | D:10     | Noticed a lindwurm
 10010 | D:10     | Noticed a lindwurm
 10017 | D:10     | Noticed a lindwurm
 10036 | D:10     | Killed a lindwurm
 10039 | D:10     | Killed a lindwurm
 10042 | D:10     | Killed a lindwurm
 10337 | D:10     | Found a snail-covered altar of Cheibriados.
 10337 | D:10     | Found a sparkling altar of Nemelex Xobeh.
 10405 | D:10     | Found an ornate altar of the Wu Jian Council.
 10408 | D:10     | Found a stormy altar of Qazlal.
 10408 | D:10     | Found a hazy altar of Hepliaklqana.
 11528 | D:11     | Found a staircase to the Lair.
 12603 | D:12     | Found a bloodstained altar of Trog.
 12659 | D:12     | Reached skill level 11 in Shapeshifting
 12682 | D:12     | Found a staircase to the Orcish Mines.
 12727 | D:12     | Noticed Snorg
 12741 | D:12     | Killed Snorg
 12847 | D:12     | Noticed a boulder beetle
 12855 | D:12     | Killed a boulder beetle
 13343 | Orc:1    | Entered Level 1 of the Orcish Mines
 13374 | Orc:1    | Reached XP level 12. HP: 101/115 MP: 12/12
 13398 | Orc:1    | Noticed Erolcha
 13550 | Orc:1    | Killed Erolcha
 14300 | Orc:2    | Entered Level 2 of the Orcish Mines
 14545 | Orc:2    | Found a staircase to the Elven Halls.
 14799 | Orc:2    | Reached ***** piety under Trog
 14806 | Orc:2    | Reached skill level 12 in Shapeshifting
 14943 | Orc:2    | Noticed an orc high priest
 15120 | Orc:1    | Killed an orc high priest
 15227 | Orc:2    | Paralysed by an orc sorcerer for 2 turns
 15368 | Orc:2    | Noticed an orc high priest
 15488 | Orc:2    | Killed an orc high priest
 15645 | Orc:2    | Reached skill level 13 in Shapeshifting
 15647 | Orc:2    | Found Idoty's Magic Scroll Boutique.
 15647 | Orc:2    | Found Goegg's Magic Scroll Shop.
 15647 | Orc:2    | Found Tuqitoh's Distillery.
 15651 | Orc:2    | Found Tuikher's Antique Weapon Boutique.
 15655 | Orc:2    | Bought a scroll of identify for 32 gold pieces
 15655 | Orc:2    | Bought a scroll of teleportation for 48 gold pieces
 15655 | Orc:2    | Bought a scroll of teleportation for 48 gold pieces
 15655 | Orc:2    | Bought 2 scrolls of teleportation for 96 gold pieces
 15655 | Orc:2    | Bought a scroll of revelation for 120 gold pieces
 15655 | Orc:2    | Bought a scroll of silence for 152 gold pieces
 15655 | Orc:2    | Bought a scroll of identify for 32 gold pieces
 15655 | Orc:2    | Bought a scroll of teleportation for 48 gold pieces
 15658 | Orc:2    | Bought a scroll of identify for 30 gold pieces
 15658 | Orc:2    | Bought a scroll of identify for 30 gold pieces
 15659 | Orc:2    | Bought a potion of berserk rage for 70 gold pieces
 15659 | Orc:2    | Bought a potion of invisibility for 112 gold pieces
 15659 | Orc:2    | Bought a potion of curing for 42 gold pieces
 15659 | Orc:2    | Bought a potion of haste for 140 gold pieces
 15659 | Orc:2    | Bought a potion of haste for 140 gold pieces
 15659 | Orc:2    | Bought a potion of mutation for 112 gold pieces
 15802 | Orc:2    | Bought a scroll of blinking for 112 gold pieces
 15802 | Orc:2    | Bought a scroll of fog for 60 gold pieces
 15802 | Orc:2    | Bought a scroll of butterflies for 60 gold pieces
 15805 | Orc:2    | Bought a scroll of noise for 16 gold pieces
 15805 | Orc:2    | Bought a scroll of noise for 16 gold pieces
 15973 | Lair:1   | Entered Level 1 of the Lair of Beasts
 16063 | Lair:1   | Found a gate leading to a gauntlet.
 16072 | Gauntlet | Entered a Gauntlet
 16072 | Gauntlet | Found a transporter.
 16079 | Gauntlet | Found a transporter.
 16079 | Gauntlet | Found the +8 demon trident "Rift" {distort, reach+}
 16081 | Gauntlet | Found a transporter.
 16092 | Gauntlet | Found a transporter.
 16095 | Gauntlet | Found a transporter.
 16103 | Gauntlet | Found a transporter.
 16124 | Gauntlet | Found a transporter.
 16125 | Gauntlet | Noticed a blizzard demon
 16134 | Gauntlet | Found a transporter.
 16141 | Gauntlet | Found a runed translucent door.
 16144 | Gauntlet | Noticed a catoblepas
 16145 | Gauntlet | Found a transporter.
 16151 | Gauntlet | Noticed a death yak
 16158 | Gauntlet | Noticed a death yak
 16159 | Gauntlet | Noticed a death yak
 16160 | Gauntlet | Noticed a death yak
 16161 | Gauntlet | Noticed a death yak
 16161 | Gauntlet | Noticed a death yak
 16163 | Gauntlet | Found a transporter.
 16177 | Gauntlet | Found a transporter.
 16178 | Gauntlet | Found a transporter.
 16223 | Gauntlet | Found a transporter.
 16237 | Gauntlet | Found a transporter.
 16604 | Gauntlet | Identified the ring of Kanirous {Str+4 Int+6 SInv}
 16679 | Gauntlet | Identified the ring of Joenetsa {*Corrode rC+ Str+6 Stlth+}
 16695 | Gauntlet | Identified the +0 scale mail of the Lotus Blossom {Harm
                  | rCorr Dex-3}
 16730 | Gauntlet | Killed a catoblepas
 16862 | Gauntlet | Noticed a minotaur
 16873 | Gauntlet | Killed a minotaur
 16874 | Gauntlet | Reached XP level 13. HP: 122/122 MP: 13/13
 16948 | Gauntlet | Identified the +0 leather armour "Uzxe" {rElec rF- rN+
                  | Will+}
 17236 | Lair:1   | Found a runed translucent gate.
 17236 | Lair:1   | Found a runed translucent gate.
 17236 | Lair:1   | Found a runed translucent gate.
 17443 | Lair:1   | Noticed keinz's ghost (journeyman GnGl)
 17690 | Lair:1   | Reached skill level 14 in Shapeshifting
 18269 | Lair:1   | Received a gift from Trog
 18452 | Lair:1   | Killed keinz's ghost
 18513 | Lair:1   | Got the ring of Dososk {Fire rCorr Int+4 Slay-5}
 19146 | Lair:2   | Noticed Harold
 19157 | Lair:2   | Killed Harold
 19319 | Lair:2   | Reached skill level 15 in Shapeshifting
 19848 | Lair:2   | You fall into a shaft and drop 2 floors!
 19886 | Lair:4   | Reached skill level 16 in Shapeshifting
 20234 | Lair:4   | Identified the +6 quarterstaff of Lemuj {heavy, Int+4
                  | Stlth-}
 20450 | Lair:3   | Reached XP level 14. HP: 129/129 MP: 14/14
 20830 | Lair:3   | Found a staircase to the Snake Pit.
 21111 | Lair:3   | Found a staircase to the Swamp.
 21872 | Lair:4   | Found a transporter.
 22094 | Lair:4   | Found a transporter.
 22190 | Lair:4   | Reached skill level 17 in Shapeshifting
 22398 | Lair:5   | Entered Level 5 of the Lair of Beasts
 22782 | Lair:5   | Found a staircase to the Slime Pits.
 23167 | Lair:5   | Found the ring of the Octopus King
 23186 | Lair:5   | Identified a ring of the Octopus King {HP+2 AC+2 EV+2 SH+2
                  | SInv}
 23455 | Lair:5   | Got the Spellbook of Energy
 23725 | D:10     | Killed korenl137's ghost
 23726 | D:10     | Reached skill level 18 in Shapeshifting
 24002 | D:5      | Killed 9stopf's ghost
 24092 | D:4      | Killed tls9540's ghost
 24101 | D:4      | Received a gift from Trog
 24558 | Orc:2    | Bought a scroll of teleportation for 45 gold pieces
 24558 | Orc:2    | Bought a scroll of teleportation for 45 gold pieces
 24558 | Orc:2    | Bought a scroll of amnesia for 60 gold pieces
 24558 | Orc:2    | Bought a scroll of teleportation for 45 gold pieces
 24558 | Orc:2    | Bought a scroll of teleportation for 45 gold pieces
 24559 | Orc:2    | Bought a scroll of vulnerability for 64 gold pieces
 26247 | D:13     | You fall into a shaft and drop 2 floors!
 26247 | D:15     | Entered Level 15 of the Dungeon
 26403 | D:14     | Found Heissoq's Magic Scroll Boutique.
 26430 | D:14     | Bought a scroll of blinking for 112 gold pieces
 26430 | D:14     | Bought 2 scrolls of identify for 60 gold pieces
 26430 | D:14     | Bought a scroll of identify for 30 gold pieces
 26751 | D:14     | Reached skill level 19 in Shapeshifting
 26881 | D:14     | Reached XP level 15. HP: 108/135 MP: 15/15
 27270 | D:14     | Found a gate to the Vaults.
 28760 | D:15     | Reached skill level 15 in Fighting
 28958 | D:15     | Found a staircase to the Depths.
 29149 | D:15     | Received a gift from Trog
 29387 | D:14     | Bought a scroll of identify for 30 gold pieces
 29387 | D:14     | Bought a scroll of enchant weapon for 112 gold pieces
 29387 | D:14     | Bought a scroll of poison for 60 gold pieces
 29387 | D:14     | Bought a scroll of noise for 15 gold pieces
 29387 | D:14     | Bought a scroll of vulnerability for 60 gold pieces
 29387 | D:14     | Bought a scroll of noise for 15 gold pieces
 29387 | D:14     | Bought a scroll of vulnerability for 60 gold pieces
 29758 | Snake:1  | Entered Level 1 of the Snake Pit
 32219 | Snake:2  | Reached XP level 16. HP: 122/152 MP: 16/16
 34715 | Snake:3  | Reached skill level 15 in Unarmed Combat
 34975 | Snake:3  | Noticed Launuz's ghost (adept HuMo)
 34976 | Snake:3  | Found a transporter.
 34993 | Snake:3  | Found Otwiqes's Book Shoppe.
 34995 | Snake:3  | Found Tahif's Jewellery Shop.
 34997 | Snake:3  | Found Jaluy's Book Shoppe.
 35162 | Snake:3  | Found a transporter.
 35177 | Snake:3  | Received a gift from Trog
 35456 | Snake:4  | Entered Level 4 of the Snake Pit
 36354 | Snake:3  | Noticed Vashnia
 36407 | Snake:3  | Killed Vashnia
 37634 | Snake:4  | Found a glowing golden altar of the Shining One.
 38862 | Snake:4  | Reached XP level 17. HP: 141/170 MP: 17/17
 39082 | Snake:4  | Noticed Saint Roka
 39372 | Snake:4  | Killed Saint Roka
 39988 | Snake:4  | Got a serpentine rune of Zot
 40194 | Swamp:1  | Entered Level 1 of the Swamp
 40194 | Swamp:1  | Noticed Frances
 40197 | Swamp:1  | Noticed Jorgrun
 40451 | Lair:3   | Killed Frances
 40649 | Lair:3   | Killed Jorgrun
 42330 | Swamp:2  | Identified the ring "Piapsith" {Ice Int+3 SInv}
 43021 | Swamp:3  | Reached skill level 20 in Shapeshifting
 43352 | Swamp:4  | Entered Level 4 of the Swamp
 43447 | Swamp:4  | Identified the +9 scimitar "Jellyslayer" {freeze, rElec rC-
                  | rN++ MP-9}
 45599 | Swamp:4  | Reached skill level 21 in Shapeshifting
 45612 | Swamp:4  | Got a decaying rune of Zot
 45888 | Vaults:1 | Entered Level 1 of the Vaults
 45953 | Vaults:1 | Reached XP level 18. HP: 178/178 MP: 18/18
 45961 | Vaults:1 | Found Awaumiess's Armour Boutique.
 46627 | Vaults:1 | Received a gift from Trog
 46654 | Vaults:1 | Paralysed by a formless jellyfish for 1 turns
 47694 | Vaults:1 | Identified a scroll of acquirement
 48870 | Vaults:1 | Reached skill level 22 in Shapeshifting
 51320 | Vaults:2 | Reached skill level 23 in Shapeshifting
 51323 | Vaults:2 | Received a gift from Trog
 51855 | Vaults:2 | Acquired a manual of Shields
 52199 | Vaults:2 | Reached XP level 19. HP: 142/185 MP: 19/19
 52555 | Vaults:2 | Found Hiekhlaz's Antique Armour Emporium.
 54233 | Vaults:3 | Noticed Zenata
 54246 | Vaults:3 | Killed Zenata
 54298 | Vaults:3 | Identified the +3 glaive of Ekes {flame, Dex+4} (Trog
                  | gifted it to you on level 3 of the Vaults)
 54298 | Vaults:3 | Received a gift from Trog
 54756 | Vaults:3 | Found a staircase to the Crypt.
 54835 | Vaults:3 | Found Amahisk's Distillery.
 55743 | Vaults:3 | Bought a potion of curing for 63 gold pieces
 55743 | Vaults:3 | Bought a potion of haste for 210 gold pieces
 55743 | Vaults:3 | Bought a potion of might for 84 gold pieces
 55743 | Vaults:3 | Bought a potion of resistance for 210 gold pieces
 55743 | Vaults:3 | Bought a potion of might for 84 gold pieces
 55743 | Vaults:3 | Bought a potion of curing for 63 gold pieces
 55743 | Vaults:3 | Bought a potion of curing for 63 gold pieces
 55903 | Vaults:4 | Reached ****** piety under Trog
 56651 | Vaults:4 | HP: 7/185 [ironbound thunderhulk/bolt of lightning[a vault
                  | warden] (34)]
 56651 | Vaults:4 | Demolished by a vault warden

Illustrated notes

Levels and vault maps discovered:
D:1:      nzn_arrival_water_spiral, layout_basic, minmay_lizard_king
D:2:      layout_rooms, minmay_misc_feat_encased
D:3:      layout_rooms, mainiacjoe_overflow_boulevard,
          grunt_dithmenos_smoke_and_mirrors, nicolae_ecumenical_snake_handling,
          hex_medium, amethyst_killhole, nicolae_concentric_dashed_squares_wild
D:4:      layout_basic, elyvilon_altar_3, makhleb_heckhound_becter,
          gammafunk_ghost_nasty_kobolds, moated_statue, grunt_ministairs_10,
          uniq_grinder
D:5:      layout_cave_pools, serial_column_ruins,
          column_ruins_corridor_straight, column_ruins_grid_3,
          column_ruins_columns_straight, column_ruins_grid_3,
          column_ruins_open_tiny, ebering_ghost_gozag, uniq_sigmund,
          uniq_eustachio, uniq_ijyb
D:6:      layout_basic, serial_shops, shop, uniq_jeremiah
D:7:      layout_loops_corners, minmay_temple_entry_statues,
          uniq_crazy_yiuf_cottage, uniq_menkaure
D:8:      layout_loops_ring, lemuel_crystal_altar, serial_co_window_serial,
          co_window_paths_a, co_window_paths_a, co_window_corner_a,
          co_window_corner_a, co_window_corner_a, co_window_of_opportunity_a,
          co_window_paths_b, co_window_of_opportunity_b, co_window_paths_c,
          co_window_corner_b, co_window_corner_b, co_window_broadway_a,
          co_window_of_opportunity_b, co_window_broadway_c, glass_columns_a
D:9:      layout_long_grid, nicolae_ru_great_annihilating_truth,
          kennysheep_small_circle
D:10:     layout_stronghold, evilmike_ruin_ashenzari,
          nicolae_overflow_hidden_temple, gammafunk_ghost_necromancy,
          minmay_lindwurm_lava, uniq_erica
D:11:     layout_loops_ring, erik_lair_island
D:12:     layout_basic, erik_orc_1, trog_three_pillars_becter, uniq_snorg
D:13:     layout_rooms
D:14:     layout_gridville, grunt_vaults_entry_tiered, serial_shops, shop,
          chequers_serial_rivers_micro_a
D:15:     gammafunk_enter_depths_forms, layout_basic,
          hangedman_abyss_or_decor_slice, nicolae_twisty_statue_hallways
Lair:1:   layout_layer_cave, gauntlet_entry_generic, gammafunk_ghost_icy
Lair:2:   layout_chaotic_city, beast_lair_carwin_1, lemuel_fruit_fields,
          grunt_megastairs_3, uniq_harold
Lair:3:   layout_gridlike, skrybe_swamp_entry_bodies, dummy_snake_entry,
          grunt_megastairs_4, serial_bayou_shore_b
Lair:4:   gammafunk_cloud_chamber, layout_big_grid, beast_lair_carwin_2
Lair:5:   gammafunk_lair_ancient_temple, layout_long_grid, slime_entry_1
Swamp:1:  layout_falls_marsh, hangedman_swamp_diagram, swamp_pool_1_2,
          uniq_jorgrun, uniq_frances
Swamp:2:  layout_basic_swamp, nicolae_swamp_tree_isthmus
Swamp:3:  layout_basic_swamp, nicolae_swamp_big_swirl
Swamp:4:  swamp_vile, layout_basic_swamp, swamp_pool_4
Snake:1:  layout_grid_shapes, serial_library_regret_index_turning
Snake:2:  layout_concentric_octagons, nicolae_snake_gridmaze_waves
Snake:3:  layout_onion_interference, gammafunk_ghost_arena,
          serial_bayou_shore_a, nicolae_triple_integral, minmay_shop_grove,
          uniq_vashnia
Snake:4:  grunt_snake_rune_pools, layout_cave_town, basic_altar, uniq_saint_roka
Orc:1:    layout_diamond_mine, uniq_erolcha
Orc:2:    st_orc_mages, layout_caves
Vaults:1: nicolae_vaults_layer_cake_slice, nicolae_vaults_network_periphery,
          nicolae_vaults_ninety_degrees, nicolae_vaults_diamond_2,
          nicolae_vaults_cornered_office, nicolae_vaults_little_squares_6,
          v_rooms_3, hangedman_vaults_impose, vaults_room_fours,
          nicolae_vaults_taking_the_gang_shopping, layout_vaults_quadrants
Vaults:2: nicolae_vaults_gold_heap, v_misc_4, nicolae_vaults_double_plus_1,
          vaults_dpeg_encased_lava, nicolae_vaults_tetromino_L_2,
          nicolae_vaults_offset_grid_hallway_1, nicolae_vaults_more_shelving_1,
          nicolae_vaults_shipping_containers_6, nicolae_vaults_house_1,
          v_misc_9, nicolae_vaults_mini_display_case,
          nicolae_vaults_storage_room_statues, hangedman_vaults_snaps,
          nicolae_vaults_trapezoid_1, nicolae_vaults_cochlea,
          layout_vaults_ring, serial_shops, nicolae_shop_overgrown_old_shop
Vaults:3: hangedman_vaults_hat, vaults_room_fancy_cross,
          ontoclasm_vaults_ring_square, nicolae_vaults_little_squares_1,
          v_misc_26, nicolae_vaults_little_squares_4, v_misc_2,
          ontoclasm_vaults_pinch, nicolae_vaults_more_shelving_2,
          ontoclasm_vaults_twist, hangedman_vaults_restitches, v_pattern_3,
          nicolae_vaults_apartment_1, minmay_crypt_entry_vampire_xt,
          nicolae_vaults_asterisk, layout_vaults_omnicross, serial_shops,
          nicolae_shop_window_shopping, uniq_zenata
Vaults:4: nicolae_vaults_triangles, hangedman_vaults_slither,
          vaults_standard_mumra_x, ontoclasm_vaults_ligature,
          nicolae_vaults_tangram_1, nicolae_vaults_network_barrier,
          nicolae_vaults_layer_cake_slice, nicolae_vaults_weapon_check,
          v_misc_12, nicolae_vaults_storage_room_doors,
          nicolae_vaults_double_plus_1, nicolae_vaults_tetromino_Z_1,
          layout_vaults_chaotic_city, serial_shops, nicolae_shop_gibbet_a_chance

Skill      XL: |  1  2  3  4  5  6  7  8  9 10 11 12 13 14 15 16 17 18 19 |
---------------+----------------------------------------------------------+-----
Fighting       | 4 5 6 7 8 9 10 13 16 20 | 20.0
Unarmed Combat | 4 5 6 8 10 12 13 14 15 16 19 | 19.5
Shapeshifting  | 3 5 8 10 11 13 16 19 21 23 | 23.0
Dodging        | |  2.6

Action                     |  1- 3 |  4- 6 |  7- 9 | 10-12 | 13-15 | 16-18 | 19-21 || total
---------------------------+-------+-------+-------+-------+-------+-------+-------++-------
  Melee: Unarmed           |   114 |   154 |   282 |   646 |   933 |  1161 |   342 ||  3632
         Tailslap          |     6 |    15 |    49 |    94 |   180 |   253 |    87 ||   684
         Punch             |     1 |     3 |    13 |    57 |    73 |   150 |    71 ||   368
         Maw               |       |       |       |   156 |   352 |   453 |   147 ||  1108
  Throw: Dart              |       |       |       |       |       |     7 |       ||     7
 Invoke: Berserk           |     1 |     2 |     5 |    17 |    17 |    29 |     8 ||    79
         Trog's Hand       |       |       |       |     7 |     5 |    11 |     1 ||    24
         Brothers in Arms  |       |       |       |     1 |     2 |     6 |       ||     9
Ability: Mud Breath        |       |       |     1 |     5 |       |     4 |       ||    10
  Evoke: Wand              |       |       |     1 |    25 |       |       |       ||    26
         Phantom mirror    |       |       |       |       |       |     1 |       ||     1
    Use: Scroll            |       |       |       |    16 |    12 |     7 |     2 ||    37
         Potion            |       |       |       |       |       |     3 |     1 ||     4
   Stab: Sleeping          |     1 |       |     1 |     1 |     2 |       |       ||     5
         Invisible         |       |       |       |     1 |       |       |       ||     1
         Paralysed         |       |       |       |     1 |       |       |       ||     1
 Armour: Skin              |    63 |    82 |   170 |   529 |   968 |  1295 |   299 ||  3406
  Dodge: Dodged            |    61 |    92 |   164 |   334 |   551 |   558 |   155 ||  1915
   Form: Beast             |       |       |     1 |       |       |       |       ||     1
         Maw               |       |       |       |     1 |       |       |       ||     1

Table legend: (Time is in decaauts)
 A = Elapsed time spent in this place.
 B = Non-inter-level travel time spent in this place.
 C = Inter-level travel time spent in this place.
 D = Time resting spent in this place.
 E = Time spent auto-exploring this place.
 F = Levels seen in this place.
 G = Mean time per level.
                   A        B        C        D        E       F      G
               +--------+--------+--------+--------+--------+-----+--------+
         Total |  56655 |  52867 |   3788 |   8988 |  35148 |  35 | 1618.7 |
       Dungeon |  20380 |  18356 |   2024 |   1541 |  13876 |  15 | 1358.7 |
          Lair |   7408 |   6848 |    560 |   1112 |   4683 |   5 | 1481.6 |
         Swamp |   4955 |   4735 |    220 |    997 |   2923 |   4 | 1238.8 |
     Snake Pit |  10394 |  10056 |    338 |   1790 |   6621 |   4 | 2598.5 |
  Orcish Mines |   2564 |   2266 |    298 |    464 |   1056 |   2 | 1282.0 |
        Vaults |   9962 |   9615 |    347 |   2672 |   5640 |   4 | 2490.5 |
      Gauntlet |    990 |    990 |      0 |    411 |    348 |   1 |  990.0 |
               +--------+--------+--------+--------+--------+-----+--------+

Top non-repeatable levels by time:
Vaults:1: 4433 daAuts
 Snake:4: 3381 daAuts
    D:14: 2650 daAuts
    D:10: 2585 daAuts
Vaults:3: 2475 daAuts
 Snake:3: 2408 daAuts
 Snake:1: 2323 daAuts
Vaults:2: 2286 daAuts
 Snake:2: 2280 daAuts
 Swamp:4: 1955 daAuts
     D:8: 1942 daAuts
  Lair:2: 1840 daAuts
  Lair:3: 1806 daAuts
    D:12: 1719 daAuts
     D:4: 1588 daAuts
